 Dungeon Crawl Stone Soup version 0.27-a0-54-g64bdb92e38 (webtiles) character file.

Game seed: 15142106645501125373

304 jestyr24 the Skirmisher (level 6, 0/56 HPs)
             Began as a Minotaur Abyssal Knight on Jan 6, 2021.
             Was a Believer of Lugonu.
             Succumbed to a gnoll's poison
             ... on level 4 of the Dungeon on Jan 7, 2021.
             The game lasted 00:13:20 (2775 turns).

jestyr24 the Skirmisher (Minotaur Abyssal Knight)   Turns: 2775, Time: 00:13:20

Health: 0/56       AC: 14    Str: 16 (18) XL:     6   Next: 15%
Magic:  6/6        EV:  5    Int:  6 (9)  God:    Lugonu [**....]
Gold:   125        SH:  4    Dex:  8 (10) Spells: 5/5 levels left

rFire    + . .     SeeInvis .   a - +1 falchion
rCold    + . .     Faith    .   l - +0 buckler
rNeg     . . .     Spirit   .   h - +0 plate armour
rPois    +         Reflect  .   (helmet restricted)
rElec    +         Harm     .   (no cloak)
rCorr    +         Rampage  .   y - +0 pair of gloves
Will     .....                  f - +0 pair of boots
Stlth    ..........             x - amulet of the acrobat
HPRegen  0.18/turn              (no ring)
MPRegen  0.10/turn              (no ring)

@: lethally poisoned (0 -> -10), resistant, attractive, very slightly
contaminated, invisible
A: retaliatory headbutt, horns 2
a: Renounce Religion, Depart the Abyss, Bend Space


You were on level 4 of the Dungeon.
You worshipped Lugonu.
Lugonu was pleased with you.
You visited 1 branch of the dungeon, and saw 4 of its levels.
You visited the Abyss 1 time.

You collected 125 gold pieces.

Inventory:

Hand Weapons
 a - a +1 falchion (weapon)
 d - a cursed -2 club
 n - a cursed -2 mace
 r - a +4 dagger
 s - a +1 hunting sling of freezing
 D - a +0 spear of flaming
Missiles
 e - 101 stones
 g - 16 poisoned darts
 t - 6 javelins
 z - 8 boomerangs
Armour
 b - a +0 leather armour
 f - a +0 pair of boots (worn)
 h - a +0 plate armour (worn)
 l - a +0 buckler (worn)
 y - a +0 pair of gloves (worn)
 A - a cursed +0 leather armour
Jewellery
 x - an amulet of the acrobat (around neck)
 B - an uncursed amulet of magic regeneration {unknown}
Scrolls
 c - 9 scrolls of identify {unknown}
 i - 2 scrolls of enchant weapon {unknown}
 m - a scroll of immolation {unknown}
 p - a scroll of enchant armour {unknown}
 q - a scroll of blinking {unknown}
 w - 2 scrolls of amnesia {unknown}
 C - a scroll of teleportation {unknown}
 E - a scroll of fog {unknown}
 F - a scroll of noise {unknown}
 G - a scroll of magic mapping {unknown}
Potions
 u - a potion of degeneration


   Skills:
 - Level 5.0 Fighting
 - Level 4.1 Long Blades
 + Level 4.9 Armour
 - Level 1.2 Dodging
 * Level 2.9 Shields
 - Level 2.1 Invocations


You had 5 spell levels left.
You didn't know any spells.
Your spell library was empty.

Dungeon Overview and Level Annotations

Branches:
Dungeon (4/15)
 Temple: D:4-7

Altars:
Elyvilon
Nemelex Xobeh
Yredelemnul
Zin
The Shining One

Annotations:
D:3 2 transporters, vvl's ghost, amateur DsWz


Innate Abilities, Weirdness & Mutations

You reflexively headbutt those who attack you in melee.
You have a pair of horns on your head.


Message History

* * * LOW HITPOINT WARNING * * *
You hit the gnoll.
The gnoll is severely wounded.
* * * LOW HITPOINT WARNING * * *
You feel sick. The gnoll hits you but does no damage.
The gnoll barely misses you.
You barely miss the gnoll.
The gnoll is severely wounded.
* * * LOW HITPOINT WARNING * * *
You feel sick. The gnoll hits you but does no damage.
The gnoll hits you with a +2 spear of venom.
* * * LOW HITPOINT WARNING * * *
You hit the gnoll.
The gnoll is almost dead.
* * * LOW HITPOINT WARNING * * *
You feel sick. The gnoll hits you but does no damage.
You hit the gnoll.
You kill the gnoll!
Lugonu accepts your kill.
You die...

.... #.#.####.# #####.
###> ..... ...#
###..... # #.#... ...
###...##.# #.######.#
###...#..#..
..[....###........##.
#.............#.
#.##.#........##
#######..#...........#
#....@)..##........#.#
#.######..#...........
#..##....)...##
#...#..#...###.
#.#.##...###...
#.#..#.###...#.
#.##g#.#.......
#.##g#.........
.[##.##.#......


There were no monsters in sight!

Vanquished Creatures
  A scorpion (D:4)
  A hound (D:2)
  A gnoll shaman (D:4)
  A worker ant (D:4)
  7 gnolls
  4 adders
  An ooze (D:1)
  5 leopard geckos
  2 orcs (D:3)
  4 ball pythons
  3 giant cockroaches
  13 hobgoblins
  5 kobolds
  5 quokkas (D:2)
  2 bats
  7 frilled lizards
  7 goblins
  7 rats
76 creatures vanquished.

Vanquished Creatures (others)
  26 plants (D:2)
26 creatures vanquished.

Grand Total: 102 creatures vanquished

Notes
Turn   | Place    | Note
-------+----------+-------------------------------------------
     0 | Abyss:1  | jestyr24 the Minotaur Abyssal Knight began the quest for
                  | the Orb.
     0 | Abyss:1  | Reached XP level 1. HP: 19/19 MP: 1/1
    47 | Abyss:1  | Noticed an ancient zyme
    55 | Abyss:1  | Found a corrupted altar of Lugonu.
    77 | Abyss:1  | Noticed an ancient zyme
    84 | D:1      | Escaped the Abyss
   132 | D:1      | Reached skill level 4 in Fighting
   135 | D:1      | Reached XP level 2. HP: 27/27 MP: 2/2
   135 | D:1      | Reached * piety under Lugonu
   450 | D:1      | Upgraded the game from 0.27-a0-40-g5f2be0e231 to
                  | 0.27-a0-54-g64bdb92e38
   562 | D:1      | Reached XP level 3. HP: 31/34 MP: 3/3
   863 | D:2      | Reached XP level 4. HP: 41/41 MP: 4/4
   904 | D:2      | Reached skill level 5 in Fighting
   923 | D:2      | Reached ** piety under Lugonu
   972 | D:2      | Found a glowing golden altar of the Shining One.
  1275 | D:2      | Found a faded altar of an unknown god.
  1286 | D:2      | Found a basalt altar of Yredelemnul.
  1390 | D:2      | Found a white marble altar of Elyvilon.
  1394 | D:2      | Found a glowing silver altar of Zin.
  1739 | D:3      | Noticed a phantom
  1749 | D:3      | Found a transporter.
  1752 | D:3      | Found a transporter.
  1752 | D:3      | Noticed vvl's ghost (amateur DsWz)
  1920 | D:3      | Reached XP level 5. HP: 48/48 MP: 5/5
  2086 | D:3      | Reached skill level 1 in Shields
  2248 | D:3      | Found a sparkling altar of Nemelex Xobeh.
  2763 | D:4      | Reached XP level 6. HP: 27/56 MP: 6/6
  2773 | D:4      | HP: 2/56 [gnoll/+2 spear of venom (5)]
  2775 | D:4      | Succumbed to a gnoll's poison

Illustrated notes

Levels and vault maps discovered:
D:1:      evilmike_arrival_rings, layout_rooms
D:2:      wad_woods_tower, layout_basic, nicolae_overflow_hidden_temple,
          old_standard_altar, chequers_ecumenical_altar_simple_redux
D:3:      layout_loops_ring, overflow_temple_1_default,
          gammafunk_ghost_mausoleum
D:4:      minmay_skewed_foursquare, layout_basic,
          gammafunk_temple_overflow_forgotten, minmay_manual_monolith

Skill      XL: |  1  2  3  4  5 |
---------------+----------------+-----
Fighting       | 4 5 |  5.0
Invocations    | 2 |  2.1
Long Blades    | 3 4 |  4.1
Armour         | 3 4 |  4.9
Shields        | 2 |  2.9
Dodging        | |  1.2

Action                   |  1- 3 |  4- 6 || total
-------------------------+-------+-------++-------
Melee: Falchion          |    72 |   163 ||   235
       Headbutt          |    11 |    25 ||    36
Invok: Depart the Abyss  |     1 |       ||     1
       Bend Space        |       |     1 ||     1
  Use: Potion            |       |     5 ||     5
 Stab: Invisible         |       |     1 ||     1
Armor: Leather armour    |     7 |       ||     7
       Plate armour      |    32 |   108 ||   140
Dodge: Dodged            |    31 |    54 ||    85
Block: Buckler           |     4 |    24 ||    28
       Rpst.: Falchion   |    12 |    15 ||    27

Table legend: (Time is in decaauts)
 A = Elapsed time spent in this place.
 B = Non-inter-level travel time spent in this place.
 C = Inter-level travel time spent in this place.
 D = Time resting spent in this place.
 E = Time spent auto-exploring this place.
 F = Levels seen in this place.
 G = Mean time per level.
                   A        B        C        D        E       F      G
               +--------+--------+--------+--------+--------+-----+--------+
         Total |   2807 |   2745 |     62 |     94 |   1723 |   5 |  561.4 |
       Dungeon |   2723 |   2661 |     62 |     94 |   1723 |   4 |  680.8 |
         Abyss |     84 |     84 |      0 |      0 |      0 |   1 |   84.0 |
               +--------+--------+--------+--------+--------+-----+--------+

Top non-repeatable levels by time:
     D:2: 989 daAuts
     D:3: 721 daAuts
     D:1: 654 daAuts
     D:4: 358 daAuts
 Abyss:1: 84 daAuts
